← All builds
Beach sea / Cortex / Economy first / OBSERVED BUILD

Standard beach sea

The role's usual play: com goes to sea to build a shipyard around 2 minutes, pumping frigates and destroyers to contest enemy sea entry or hold vision, with an advanced metal extractor around 10 minutes as the transition into the team's…

Usually shipyard first (94%)

#naval #eco · 729 distinct matches · 102 players · 84% of Cortex Beach sea games · team won 55% of 789 · Recently observed

HOW TO PLAY IT

Key timing: Shipyard by 1:57

  1. Open 3 mex and wind while com heads straight to sea.
  2. Drop Shipyard fast, before 2:00, to seize early sea presence.
  3. Push "frigate" out to contest enemy sea entry or hold vision.
  4. Add "destroyer" as the fleet grows.
  5. Transition into Advanced Metal Extractor to catch up on eco.

Phase by phase

TYPICAL OF ITS 729 GAMES
  1. 1
  2. 2
  3. 3
PLAY THE OPENING

Follow the example game's first 6:00 step by step: what to build now, what comes next, and where it goes. At 1× it keeps pace with your own game.

  1. 1

    Up to the Shipyard

    Economy
    • Metal Extractor3Mex
    • Wind Turbine3Windfor allies
    • Wind Turbine2Wind
    • Energy Storage1Energy storage
    Order
    1. ShipyardShipyard after 3 mex, 2 wind, 1 energy storagedone ~1:57, middle half 1:45–2:08

    By 1:41 in all: 3 mex · 2 wind · 1 energy storage

    The example game in this phase · 4 steps
    1. Mex ×3
    2. Wind ×3for Air
    3. GuardGuard
    4. ShipyardShipyarddone 1:39 · typical 1:57
  2. 2

    Shipyard to 5:00

    Economy
    • Metal Extractor5Mex
    • Tidal Generator1Tidal
    Builders
    • Construction Ship2 Con ship
    Army
    • Riptide2 Frigate
    • Herring1 Missile corvette
    • Oppressor1 Destroyer
    Other
    • Naval Radar / Sonar Tower1 Naval Radar / Sonar Tower

    Some games also: Urchin (42%) · wind (41%) · submarine (40%) · con turret (35%) · gunboat (34%)

    By 5:00 in all: 8 mex · 3 wind · 2 tidal · 1 energy storage

    The example game in this phase · 24 steps
    1. Construction ShipCon ship
    2. Tidal ×3
    3. Construction ShipCon ship
    4. Tidal
    5. Mex
    6. RiptideFrigatedone 2:41 · typical 3:51
    7. HerringMissile corvette
    8. Mex ×2
    9. SupporterGunboat ×2
    10. Wind
    11. Naval Radar / Sonar TowerNaval Radar / Sonar Tower
    12. RiptideFrigate
    13. Wind
    14. UrchinUrchin
    15. Wind
    16. Mex
    17. OrcaSubmarinedone 5:05
    18. Mex
    19. Wind
    20. GuardGuard
    21. Naval Radar / Sonar TowerNaval Radar / Sonar Tower
    22. GuardGuard
    23. Mex
    24. Radar TowerRadar Tower
  3. 3

    5:00 to 10:00

    Economy
    • Metal Extractor1Mex
    • Wind Turbine10Wind
    Builders
    • Death Cavalry1 Death Cavalry
    • Construction Ship1 Con ship
    Army
    • Riptide5 Frigate
    • Oppressor2 Destroyer
    • Herring2 Missile corvette
    Other
    • Naval Radar / Sonar Tower1 Naval Radar / Sonar Tower

    Some games also: Urchin (50%) · Naval Construction Turret (47%) · Guard (47%) · Radar Tower (41%) · tidal (38%)

    By 10:00 in all: 9 mex · 12 wind · 4 wind · 4 tidal · 1 energy storage · 1 Naval Construction Turret

    The example game in this phase · 120 steps
    1. SupporterGunboat
    2. Mex
    3. SupporterGunboat ×4
    4. OrcaSubmarine
    5. RiptideFrigate
    6. Construction ShipCon ship
    7. Wind
    8. RiptideFrigate
    9. Wind
    10. OrcaSubmarine
    11. Wind
    12. Death CavalryDeath Cavalry
    13. Wind
    14. Naval Energy Converter
    15. Naval Construction Turret
    16. Wind
    17. Death CavalryDeath Cavalry
    18. Naval Energy Converter
    19. Con turret
    20. Naval Energy Converter
    21. Tidal
    22. HerringMissile corvette
    23. Tidal
    24. Naval Energy Converter
    25. RiptideFrigate
    26. Tidal
    27. Mex
    28. RiptideFrigate
    29. Naval Construction Turret
    30. Naval Radar / Sonar TowerNaval Radar / Sonar Tower
    31. Wind
    32. Tidal
    33. OppressorDestroyerdone 9:29 · typical 5:09
    34. Wind
    35. Tidal
    36. Wind ×2
    37. Advanced Metal ExtractorT2 mexdone 10:10 · typical 9:57
    38. Tidal
    39. Wind
    40. RiptideFrigate
    41. Tidal ×2
    42. Wind
    43. RiptideFrigate
    44. Tidal
    45. OrcaSubmarine
    46. Naval Radar / Sonar TowerNaval Radar / Sonar Tower
    47. Wind
    48. Advanced Metal ExtractorT2 mex
    49. Wind ×2
    50. OrcaSubmarine
    51. Wind
    52. OrcaSubmarine
    53. Wind
    54. Advanced Metal ExtractorT2 mex
    55. Wind
    56. RiptideFrigate
    57. Wind
    58. Naval Energy Storage
    59. RiptideFrigate
    60. Naval Construction Turret
    61. Wind
    62. Naval Construction Turret
    63. Wind
    64. RiptideFrigate
    65. Wind
    66. RiptideFrigate ×2
    67. Death CavalryDeath Cavalry
    68. Wind
    69. Advanced Metal ExtractorT2 mex
    70. Wind
    71. HerringMissile corvette
    72. Wind
    73. HerringMissile corvette
    74. Wind
    75. HerringMissile corvette
    76. Wind
    77. OppressorDestroyer
    78. Wind ×2
    79. OppressorDestroyer
    80. Wind ×2
    81. RiptideFrigate
    82. Wind
    83. Naval Radar / Sonar TowerNaval Radar / Sonar Tower
    84. RiptideFrigate
    85. Wind ×2
    86. RiptideFrigate
    87. Wind
    88. RiptideFrigate
    89. Wind
    90. RiptideFrigate
    91. Wind ×2
    92. RiptideFrigate
    93. Wind
    94. RiptideFrigate
    95. Wind
    96. RiptideFrigate
    97. Wind
    98. Naval Energy Converter
    99. Wind
    100. RiptideFrigate
    101. Naval Energy Converter
    102. Wind ×2
    103. RiptideFrigate
    104. Naval Energy Converter
    105. Wind
    106. Death CavalryDeath Cavalry
    107. Wind ×2
    108. Death CavalryDeath Cavalry
    109. Naval Energy Converter
    110. Wind
    111. RiptideFrigate
    112. Wind ×2
    113. Naval Energy Converter
    114. Wind ×2
    115. RiptideFrigate
    116. Naval Energy Converter
    117. ShipyardShipyardnot finished by 15:00
    118. Wind ×2
    119. RiptideFrigate
    120. Wind ×2

Counts are medians over the build's games: half of them build more, half fewer. The example game is EpicTyrannus's (43 OS, 24/09/2026); pick another.

Team trades

IN AT LEAST 30% OF ITS GAMES

You hand over

  • Wind Turbine3 Wind to Airfirst at 1:54 · in 79% of games

You get

  • Finch1 Finch from Airfirst at 1:58 · in 81% of games
  • Lazarus1 Lazarus from Geofirst at 2:14 · in 62% of games
  • Hephaestus1 Heavy transport from Airfirst at 2:16 · in 68% of games
  • Construction Bot1 Con bot from Geofirst at 2:29 · in 69% of games
  • Hercules1 Light transport from Airfirst at 2:35 · in 31% of games
  • Advanced Construction Bot1 T2 con bot from Techfirst at 8:09 · in 88% of games

How it plays out

Typical game of this build, running totals by minute

Metal produced

010k20k30k
0:005:0010:0015:00

metal

Enemy metal destroyed

05k10k
0:005:0010:0015:00

metal

Own metal lost

02.5k5k7.5k
0:005:0010:0015:00

metal

789 games.

Show as table
ByMetal produced: This buildEnemy metal destroyed: This buildOwn metal lost: This build
1:0040300
2:0093700
3:00156300
4:002522050
5:003699194100
6:005026532250
7:0064731100588
8:00808018571041
9:00968328851621
10:001160240232345
11:001382252273090
12:001635262003851
13:001911172574621
14:002186583045721
15:002487692656531
WHAT THE NUMBERS SAY

Standard Beach sea wins more than Geo sea's 50% and gets its Shipyard up faster, using early sea access before falling behind on land resources.

  • + Shipyard finishes by 1:57, faster than Geo sea's 3:18
  • + 54% team win rate beats the Cortex geo sea baseline
  • − Metal produced trails Geo sea's Cortex build, 24356 vs 28451 by 15:00
  • − T2 factory only lands in 35% of games by 12:42
THE EXAMPLE YOU ARE READING

EpicTyrannus

43.0 OS · 24/09/2026

Open source match ↗

8 received units · includes a constructor
58 metal received · 16572 energy received

Allied construction assistance is unknown. Timings are observations, not a promise of solo reproducibility.

Typical milestones

Shipyard1:57Middle 50%: 1:45–2:08 · n=787
Riptide3:51Middle 50%: 3:15–4:31 · n=782
Oppressor5:09Middle 50%: 4:11–6:07 · n=764
Advanced Metal Extractor9:57Middle 50%: 9:15–10:53 · n=667

Played most by

EpicTyrannus68games of this buildDamsko64games of this buildWaboum64games of this buildPRO_HYDRA54games of this buildMrCoolPotato51games of this build